cohdb
Replays
Latest Replays
All Replays
Popular Replays
Top Player Replays
Match Explorer
How It Works
Community
CoH3 Stats
Reddit
Sign in to upload your games and track your stats! →
Sign in with Steam
Match 42518883
Unlisted
Match 42518883
Overview
Messages
Build Orders
End
Kradschützen Motorcycle Team
Panzergrenadier Squad
250 Light Carrier
Construct Light Support Kompanie
Assault Grenadier Squad
MG34 Team
Fire Support Elements
Veteran Squad Leaders
MG34 Team
Panzerjäger Squad
An 'orrible Cunt
RECACE
Gee
qZeto
BIOHAZARD
Gorgolo
0
0
Comments
sign in to comment!
No comments posted yet!